 Dungeon Crawl Stone Soup version 0.22-a0-367-gb72a975 (webtiles) character file.

4 dstrtnsr the Chiller (level 1, 0/14 HPs)
             Began as a Centaur Ice Elementalist on Apr 22, 2018.
             Succumbed to a kobold's poison
             ... on level 1 of the Dungeon.
             The game lasted 00:01:56 (84 turns).

dstrtnsr the Chiller (Centaur Ice Elementalist)       Turns: 84, Time: 00:01:57

Health: 0/14       AC:  4    Str: 10    XL:     1   Next: 50%
Magic:  1/3        EV:  9    Int: 14    God:
Gold:   12         SH:  0    Dex:  9    Spells: 2/3 levels left

rFire    . . .     SeeInvis .   b - +2 dagger (venom)
rCold    . . .     Gourm    .   (no shield)
rNeg     . . .     Faith    .   a - +0 robe
rPois    .         Spirit   .   (no helmet)
rElec    .         Reflect  .   (no cloak)
rCorr    .         Harm     .   (no gloves)
MR       .....                  (no barding)
Stlth    +.........             (no amulet)
HPRegen  0.04/turn              (no ring)
MPRegen  0.08/turn              (no ring)

@: lethally poisoned (0 -> -2), very quick
A: large, hooves 3, deformed body, speed 2, tough skin 3
a: no special abilities


You were on level 1 of the Dungeon.
You were not hungry.

You visited 1 branch of the dungeon, and saw 1 of its levels.

You collected 12 gold pieces.

Inventory:

Hand Weapons
 b - a +2 dagger of venom (weapon)
Missiles
 e - 28 stones (quivered)
Armour
 a - a +0 robe (worn)
Comestibles
 c - a ration {!d}


   Skills:
 + Level 0.2 Fighting
 * Level 0.5 Short Blades
 - Level 1.3 Dodging
 - Level 1.1 Stealth
 - Level 1.5 Spellcasting
   Level 0.8 Conjurations
 + Level 2.7 Ice Magic


You had 2 spell levels left.
You knew the following spells:

 Your Spells              Type           Power        Failure   Level  Hunger
a - Freeze                Ice            #...         9%          1    ##.....


Dungeon Overview and Level Annotations

Branches:
Dungeon (1/15)

Altars:


Innate Abilities, Weirdness & Mutations

You have hooves in place of feet.
Armour fits poorly on your strangely shaped body.
You cover ground very quickly.
You have extremely tough skin. (AC +3)


Message History

Confirm with . or Enter, or press ? or * to list all spells.
Aiming: Freeze (safe; 9% risk of failure)
Press: ? - help, Shift-Dir - straight line, f - kobold
Aim: a kobold, wielding a dagger of venom You miscast Freeze.
You are very lightly contaminated with residual magic.
Nothing appears to happen.
The kobold hits you with a dagger of venom.
You are lethally poisoned!
Damage: -14%(-2hp) hp: 86%(12hp) Unknown command.
Casting: Freeze (safe; 9% risk of failure)
Confirm with . or Enter, or press ? or * to list all spells.
Aiming: Freeze (safe; 9% risk of failure)
Press: ? - help, Shift-Dir - straight line, f/p - kobold
Aim: a kobold, wielding a dagger of venom You freeze the kobold.
The kobold is heavily wounded.
You feel sick. The kobold barely misses you.
Damage: -7%(-1hp) hp: 79%(11hp)
You feel sick.
Damage: -7%(-1hp) hp: 72%(10hp)
You aren't carrying any potions.
Unknown command.
You feel sick. The frilled lizard closely misses you.
Damage: -7%(-1hp) hp: 65%(9hp) Unknown command.
You hit the frilled lizard.
The frilled lizard is poisoned.
Your kick misses the frilled lizard.
The frilled lizard is heavily wounded.
You kill the frilled lizard!
The kobold closely misses you.
Unknown command.
You barely miss the kobold.
You kill the kobold!
You feel sick.
Damage: -7%(-1hp) hp: 58%(8hp) Unknown command.
* * * LOW HITPOINT WARNING * * *
You feel sick.
You see here a dagger of venom.
Damage: -8%(-1hp) hp: 50%(7hp)
You aren't carrying any potions.
Unknown command.
As you read the scroll labeled NOSSAE SABRU, it crumbles to dust.
The air around you briefly surges with heat, but it dissipates.
It was a scroll of immolation.
Unknown command.
* * * LOW HITPOINT WARNING * * *
You feel sick.
You see here a frilled lizard corpse.
Damage: -7%(-1hp) hp: 43%(6hp)
* * * LOW HITPOINT WARNING * * *
You feel sick.
Damage: -7%(-1hp) hp: 36%(5hp)
* * * LOW HITPOINT WARNING * * *
You feel sick.
Damage: -7%(-1hp) hp: 36%(5hp)
You see here a stone.
* * * LOW HITPOINT WARNING * * *
You feel sick.
Damage: -7%(-1hp) hp: 29%(4hp)
Found a stone staircase leading down.
There is an open gate here.
* * * LOW HITPOINT WARNING * * *
You feel sick.
Huge Dmg: -7%(-1hp) hp: 22%(3hp) 2 bats come into view.
Unknown command.
Unknown command.
The bat hits you.
* * * LOW HITPOINT WARNING * * *
Your magical contamination has completely faded away.
Huge Dmg: -7%(-1hp) hp: 15%(2hp)
Casting: Freeze (safe; 9% risk of failure)
Confirm with . or Enter, or press ? or * to list all spells.
Aiming: Freeze (safe; 9% risk of failure)
Press: ? - help, Shift-Dir - straight line, f - bat
Aim: a bat You freeze the bat.
The bat is heavily wounded.
* * * LOW HITPOINT WARNING * * *
You feel sick. The bat closely misses you.
The bat hits you but does no damage. x2
Huge Dmg: -7%(-1hp) hp: 8%(1hp)
Casting: Freeze (safe; 9% risk of failure)
Confirm with . or Enter, or press ? or * to list all spells.
You don't have enough magic to cast that spell.
The bat barely misses you. The bat hits you but does no damage.
Unknown command.
You barely miss the bat.
The bat is heavily wounded.
The bat closely misses you. The bat hits you but does no damage. x3
Unknown command.
You barely miss the bat.
You kill the bat!
The bat hits you but does no damage.
Unknown command.
You hit the bat.
The bat is poisoned.
The bat is moderately wounded.
You die...

#≈≈≈.....†♣P.P.♣
#≈≈≈.....♣######
#≈≈≈≈....P# ##
#≈≈.......# ..
#≈≈≈.....P# .#
#≈≈≈≈....♣# .#
#≈≈≈≈....♣#######.#
#≈≈≈......#.......#
#≈≈≈..((.##...@...####.
#≈≈≈≈...P##..b...>...'..
#≈≈≈≈.....'.......####..
#≈≈≈......'.......#
#≈≈≈..♣...'.$.....#
#≈≈≈.....##.......#
#≈≈≈≈....##......##
#≈≈≈≈..P♣P#......#
###########......#


You could see a bat.

Vanquished Creatures
  A bat (D:1)
  A kobold (D:1)
  2 frilled lizards (D:1)
4 creatures vanquished.

Notes
Turn   | Place    | Note
-------+----------+-------------------------------------------
     0 | D:1      | dstrtnsr the Centaur Ice Elementalist began the quest for the Orb.
     0 | D:1      | Reached XP level 1. HP: 14/14 MP: 3/3
    63 | D:1      | HP: 5/14 [poisoned by a kobold]
    70 | D:1      | HP: 4/14 [poisoned by a kobold]
    75 | D:1      | HP: 3/14 [poisoned by a kobold]
    80 | D:1      | HP: 1/14 [poisoned by a kobold]
    84 | D:1      | Succumbed to a kobold's poison

Vault maps used:
D:1:      kennysheep_arrival_seaside, serial_curves, eino_curves_02,
          eino_curves_04

Action                   || total
-------------------------++-------
Melee: Dagger            ||     5
       Kick              ||     2
Throw: Stone             ||     1
 Cast: Freeze            ||     3
  Use: Scroll            ||     1
Armor: Robe              ||     7
Dodge: Dodged            ||     6

Table legend:
 A = Spawn XP
 B = Non-spawn XP
 C = Spawn XP percentage of total XP
 D = Spawn monster count
 E = Non-spawn monster count
 F = Spawn count percentage of total count
 G = Total turns spent on level
                    A         B        C        D         E        F      G
               +---------+---------+-------+---------+---------+-------+---------
         Total |       0 |       6 |   0.0 |       0 |       4 |   0.0 |    84
               +---------+---------+-------+---------+---------+-------+---------
           D:1 |       0 |       6 |   0.0 |       0 |       4 |   0.0 |    84
               +---------+---------+-------+---------+---------+-------+---------
